 Dungeon Crawl Stone Soup version 0.30-a0-591-g3c58d2bc28 (webtiles) character file.

Game seed: 6403146307592670562

63 testman the Conjurer (level 4, 0/27 HPs)
             Began as a Tengu Reaver on Jan 4, 2023.
             Slain by an adder (1 damage)
             ... on level 2 of the Dungeon.
             The game lasted 00:04:37 (1054 turns).

testman the Conjurer (Tengu Reaver)                 Turns: 1054, Time: 00:04:38

Health: 0/27       AC:  3    Str: 13    XL:     4   Next: 10%
Magic:  7/8        EV: 11    Int: 15    God:
Gold:   21         SH:  0    Dex: 12    Spells: 5/8 levels left

rFire   . . .      SeeInvis .    a - +0 falchion
rCold   . . .      Faith    .    (no shield)
rNeg    . . .      Spirit   .    b - +0 leather armour
rPois   +          Reflect  .    (helmet restricted)
rElec   .          Harm     .    (no cloak)
rCorr   .          Rampage  .    (no gloves)
Will    .....                    (boots unavailable)
Stlth   +                        (no amulet)
HPRegen 0.24/turn                c - ring of poison resistance
MPRegen 0.11/turn                (no ring)

@: very slightly contaminated
A: beak, talons 3
a: no special abilities


You were on level 2 of the Dungeon.
You visited 1 branch of the dungeon, and saw 2 of its levels.

You collected 86 gold pieces.
You spent 65 gold pieces at shops.

Inventory:

Hand Weapons
 a - a +0 falchion (weapon)
Armour
 b - a +0 leather armour (worn)
Jewellery
 c - a ring of poison resistance (left hand)
Scrolls
 d - a scroll of enchant armour {unknown}
 e - a scroll of fear
 g - 3 scrolls of teleportation
 h - a scroll of torment {unknown}
Potions
 i - 3 potions of might


   Skills:
 + Level 2.6 Fighting
 + Level 3.8 Long Blades
 - Level 2.1 Dodging
 + Level 2.5 Spellcasting
 + Level 4.6 Conjurations
 + Level 0.6 Translocations


You had 5 spell levels left.
You knew the following spells:

 Your Spells              Type           Power      Damage    Failure   Level
a - Kiss of Death         Conj/Necr      32%        2d7       11%         1
b - Momentum Strike       Conj/Tloc      18%        3d8       14%         2

Your spell library contained the following spells:

 Spells                   Type           Power      Damage    Failure   Level
 Apportation              Tloc           6%         N/A       21%         1
 Freeze                   Ice            4%         1d3       26%         1
 Necrotise                Necr           4%         1d4       26%         1
 Summon Small Mammal      Summ           4%         N/A       26%         1
 Hailstorm                Conj/Ice       8%         3d4       30%         3
 Frozen Ramparts          Ice            2%         1d1       63%         3


Dungeon Overview and Level Annotations

Branches:
Dungeon (2/15)

Altars:

Shops:
D:1 ?


Innate Abilities, Weirdness & Mutations

You have a beak for a mouth.
You have claws for feet.


Message History

Okay, then.
You closely miss the adder. Your kick misses the adder.
The adder is almost dead.
You feel sick. The adder bites you but does no damage.
The goblin hits you with a +0 club.
* * * LOW HITPOINT WARNING * * *
The adder barely misses you.
Casting: Kiss of Death (safe; 11% risk of failure)
Confirm with . or Enter, or press ? or * to list all spells.
Aiming: Kiss of Death (safe; 11% risk of failure)
Press: ? - help, Shift-Dir - straight line, f - adder
Aim: an adder (almost dead, 100% to hit)
You miscast Kiss of Death.
You are very lightly contaminated with residual magic.
Nothing appears to happen.
You feel sick.
You are no longer poisoned.
The goblin hits you with a +0 club.
* * * LOW HITPOINT WARNING * * *
The adder bites you.
* * * LOW HITPOINT WARNING * * *
Unknown command.
You hit the adder but do no damage. Your kick misses the adder.
You peck the adder, but do no damage.
The adder is almost dead.
The adder bites you but does no damage. The goblin barely misses you.
Okay, then.
You closely miss the adder.
The adder is almost dead.
The adder barely misses you. The goblin hits you with a +0 club.
* * * LOW HITPOINT WARNING * * *
The adder bites you but does no damage.
You barely miss the adder.
The adder is almost dead.
The goblin barely misses you. The adder misses you.
You miss the adder. You peck the adder, but do no damage.
The adder is almost dead.
The adder bites you but does no damage. The goblin hits you with a +0 club.
* * * LOW HITPOINT WARNING * * *
The adder bites you.
You die...

... #.## .........#
#.# .........#
#†#### .........#
#....#
.........#####....#
..$..........†....#
.......(..........#
......g.......#.###
......S@†.....#.#
..........$...#..
########......##..
#......# ...
#......# #...
#......# ....
###....# #....#
##....


You could see an adder and a goblin.

Vanquished Creatures
  Natasha (D:2)
  A worm (D:2)
  A dart slug (D:1)
  A ball python (D:2)
  An endoplasm (D:1)
  A giant cockroach (D:1)
  3 goblins
  3 hobgoblins (D:2)
  2 quokkas (D:2)
  5 bats
  7 frilled lizards
  4 kobolds
  5 rats
35 creatures vanquished.

Notes
Turn   | Place    | Note
-------+----------+-------------------------------------------
     0 | D:1      | testman the Tengu Reaver began the quest for the Orb.
     0 | D:1      | Reached XP level 1. HP: 12/12 MP: 4/4
    14 | D:1      | Found Afuere's Magic Scroll Shoppe.
   143 | D:1      | You fall into a shaft and drop 1 floor!
   180 | D:2      | Reached XP level 2. HP: 17/17 MP: 6/6
   423 | D:1      | Bought a scroll of identify for 26 gold pieces
   440 | D:1      | Bought a scroll of teleportation for 39 gold pieces
   632 | D:1      | Learned a level 2 spell: Momentum Strike
   725 | D:1      | Reached XP level 3. HP: 22/22 MP: 7/7
   982 | D:2      | Noticed Natasha
   988 | D:2      | Killed Natasha
   989 | D:2      | Reached XP level 4. HP: 22/27 MP: 5/8
  1054 | D:2      | HP: 1/27 [goblin/+0 club (2)]
  1054 | D:2      | Slain by an adder

Illustrated notes

Levels and vault maps discovered:
D:1:      denvon_arrival_waterhouse, layout_basic, serial_shops, shop_scrolls
D:2:      minmay_chambers_of_ones, layout_basic, uniq_natasha,
          uniq_crazy_yiuf_cottage

Action                   |  1- 3 |  4- 6 || total
-------------------------+-------+-------++-------
Melee: Falchion          |    72 |    21 ||    93
       Kick              |    18 |     7 ||    25
       Peck              |     8 |     2 ||    10
       Punch             |     3 |       ||     3
 Cast: Momentum Strike   |     1 |     1 ||     2
  Use: Scroll            |     3 |       ||     3
Armor: Leather armour    |    15 |     6 ||    21
Dodge: Dodged            |    61 |    17 ||    78

Table legend: (Time is in decaauts)
 A = Elapsed time spent in this place.
 B = Non-inter-level travel time spent in this place.
 C = Inter-level travel time spent in this place.
 D = Time resting spent in this place.
 E = Time spent auto-exploring this place.
 F = Levels seen in this place.
 G = Mean time per level.
                   A        B        C        D        E       F      G
               +--------+--------+--------+--------+--------+-----+--------+
         Total |   1064 |    995 |     69 |      0 |    755 |   2 |  532.0 |
       Dungeon |   1064 |    995 |     69 |      0 |    755 |   2 |  532.0 |
               +--------+--------+--------+--------+--------+-----+--------+

Top non-repeatable levels by time:
     D:1: 689 daAuts
     D:2: 375 daAuts
